Map: 나이트쉐이드 - 래더

Players

Stats

  • Race: Protoss Protoss
  • Spawn Location: 11:00

Dark - Winner!

  • Race: Zerg Zerg
  • Spawn Location: 5:00

Event: IEM Katowice 2020

VOD

Have the link to the VOD?

Description

Time

  • Played on: Feb. 27, 2020, 8:58 a.m.
  • Length: 10:17

All games in this series

Show
View Real Time Build Order
Export as new Build Order

Stats Protoss 

Build Orders: 1 Gate Expand, Oracle Opening, Archon Immortal 

Get SALT Encoding   

  12  0:00  Probe  
  13  0:12  Probe  
  14  0:19  Pylon  
  14  0:25  Probe (Chrono Boost)  
  15  0:37  Probe (Chrono Boost), Gateway  
  16  0:46  Probe (Chrono Boost), Assimilator  
  17  0:51  Probe  
  18  1:03  Probe  
  19  1:16  Probe  
  20  1:25  Nexus  
  20  1:33  Cybernetics Core  
  20  1:37  Probe  
  21  1:43  Assimilator  
  21  1:49  Probe  
  21  1:52  Pylon  
  23  2:01  Probe (Chrono Boost)  
  23  2:07  Adept (Chrono Boost)  
  23  2:13  Probe (Chrono Boost)  
  23  2:14  Stargate  
  26  2:18  Probe (Chrono Boost)  
  27  2:23  Warp Gate  
  27  2:30  Adept  
  27  2:36  Probe x2 (Chrono Boost)  
  31  2:46  Probe (Chrono Boost)  
  31  2:48  Probe (Chrono Boost)  
  33  2:51  Probe (Chrono Boost)  
  33  2:57  Probe, Oracle (Chrono Boost)  
  38  3:03  Probe  
  38  3:05  Stalker  
  41  3:09  Probe  
  41  3:11  Gateway  
  42  3:15  Probe  
  43  3:21  Pylon  
  43  3:22  Probe  
  44  3:27  Probe  
  44  3:32  Assimilator  
  45  3:34  Probe  
  45  3:36  Oracle (Chrono Boost)  
  45  3:38  Assimilator  
  45  3:39  Probe  
  50  3:46  Probe, Pylon  
  51  3:51  Probe  
  51  3:53  Pylon  
  52  3:58  Probe  
  53  4:03  Probe  
  53  4:06  Oracle  
  57  4:10  Probe  
  57  4:13  Robotics Facility  
  57  4:15  Probe  
  57  4:16  Adept x2  
  63  4:27  Probe x2  
  65  4:36  Nexus  
  65  4:43  Pylon, Sentry x2  
  69  4:49  Probe  
  69  4:52  Forge, Twilight Council  
  70  4:59  Pylon  
  70  5:01  Probe, Shield Battery  
  70  5:03  Observer (Chrono Boost)  
  72  5:07  Sentry  
  74  5:14  Immortal (Chrono Boost)  
  74  5:15  Probe x2  
  80  5:25  Protoss Ground Weapons Level 1  
  77  5:34  Probe x2  
  79  5:39  Charge  
  79  5:42  Immortal (Chrono Boost)  
  79  5:46  Probe x2, Pylon  
  79  5:47  Probe  
  86  5:53  Gateway  
  86  5:54  Gateway  
  86  6:03  Gateway  
  86  6:04  Gateway  
  86  6:11  Immortal (Chrono Boost)  
  86  6:14  Gateway  
  86  6:15  Templar Archives  
  90  6:18  Gateway  
  90  6:20  Pylon  
  90  6:23  Probe x3  
  93  6:30  Zealot x2  
  94  6:40  Immortal (Chrono Boost)  
  98  6:48  Stalker  
  98  6:49  Probe x3  
  98  6:52  Pylon  
  103  6:54  Pylon, Stalker  
  103  6:56  Pylon  
  103  7:00  Stalker x2  
  107  7:06  Zealot x2  
  99  7:12  Zealot x3  
  99  7:15  Warp Prism (Chrono Boost)  
  93  7:25  Adept, Sentry x2  
  93  7:26  Probe x3  
  93  7:28  High Templar x2  
  102  7:31  Assimilator  
  102  7:33  Archon  
  102  7:34  Sentry, Zealot  
  106  7:38  Probe x3, Assimilator  
  106  7:40  Zealot  
  107  7:49  Zealot x3  
  113  7:51  Shield Battery  
  113  7:52  Pylon  
  113  7:53  Photon Cannon  
  113  8:01  High Templar x2, Zealot x3  
  123  8:06  Archon  
  127  8:27  Stalker x6  
  121  8:32  Photon Cannon  
  117  8:37  Stalker x2  
  121  8:47  Warp Prism  
  119  8:52  High Templar x2, Zealot x3  
  122  8:56  Archon  
  122  8:57  Zealot  
  124  9:05  Stalker x2  
  109  9:24  High Templar x2  
  109  9:25  Zealot x3  
  109  9:29  Archon  
  105  9:41  Zealot x3  
  91  9:49  Zealot x2  
  66  10:13  High Templar  
Show
View Real Time Build Order
Export as new Build Order

Dark Zerg - Winner!

Build Orders: Hatch First 

Get SALT Encoding   

  12  0:00  Drone  
  13  0:12  Overlord  
  13  0:16  Drone  
  14  0:31  Drone x2  
  16  0:48  Hatchery  
  15  0:51  Drone  
  15  0:54  Drone  
  17  0:58  Drone  
  18  1:08  Extractor  
  17  1:13  Spawning Pool  
  17  1:16  Drone  
  17  1:23  Drone  
  18  1:28  Drone  
  19  1:41  Drone  
  20  1:51  Hatchery  
  20  1:52  Drone  
  20  2:00  Queen  
  22  2:02  Drone  
  22  2:05  Drone  
  24  2:16  Queen  
  24  2:19  Overlord  
  27  2:22  Drone  
  27  2:25  Drone  
  28  2:37  Queen  
  28  2:38  Zergling x2  
  28  2:39  Drone  
  28  2:40  Drone  
  33  2:44  Drone x2  
  35  2:54  Drone  
  35  2:58  Metabolic Boost  
  36  3:02  Queen  
  36  3:03  Overlord  
  36  3:05  Zergling x2  
  39  3:07  Zergling x2  
  39  3:09  Zergling x2  
  41  3:15  Overlord  
  41  3:16  Drone  
  42  3:22  Drone  
  42  3:25  Drone  
  42  3:26  Drone  
  45  3:28  Drone  
  45  3:29  Drone x3  
  49  3:36  Drone  
  49  3:38  Queen  
  49  3:39  Drone  
  53  3:47  Drone  
  53  3:48  Spore Crawler  
  53  3:50  Drone x4  
  53  3:51  Extractor  
  53  3:52  Drone  
  57  4:02  Drone  
  57  4:03  Overlord  
  57  4:04  Drone  
  57  4:08  Lair  
  58  4:11  Overlord  
  58  4:15  Overlord  
  58  4:19  Spore Crawler  
  58  4:20  Drone  
  58  4:21  Drone  
  58  4:22  Drone x4  
  58  4:23  Drone  
  64  4:26  Overlord  
  64  4:31  Drone, Roach Warren  
  64  4:33  Drone  
  64  4:34  Drone  
  64  4:36  Drone  
  67  4:40  Zergling x6  
  67  4:42  Spore Crawler  
  67  4:43  Drone  
  70  4:49  Drone x2  
  72  4:53  Drone x3  
  72  4:56  Drone x3  
  78  5:03  Extractor, Drone x3  
  78  5:04  Extractor  
  78  5:05  Drone  
  80  5:08  Evolution Chamber, Overlord  
  80  5:09  Overlord  
  79  5:22  Overlord  
  79  5:24  Glial Reconstitution, Overlord  
  79  5:27  Extractor  
  78  5:28  Extractor  
  78  5:29  Overlord x2  
  78  5:35  Zerg Missile Weapons Level 1  
  75  5:36  Roach x8  
  75  5:37  Roach  
  75  5:39  Roach  
  95  5:46  Roach x2  
  95  5:47  Roach  
  101  5:54  Hatchery  
  101  5:55  Roach x2  
  103  5:57  Roach  
  103  6:00  Roach  
  103  6:03  Roach x2  
  111  6:06  Roach  
  112  6:12  Roach x3  
  112  6:18  Spire  
  117  6:19  Roach  
  117  6:23  Ravager  
  117  6:24  Ravager  
  121  6:26  Overlord  
  121  6:28  Zergling x6  
  121  6:29  Zergling x2  
  121  6:32  Zergling x4  
  126  6:34  Ravager x2  
  126  6:39  Zergling x8  
  128  6:42  Zergling x2  
  128  6:46  Ravager x2  
  131  6:48  Zergling x8  
  126  7:03  Zergling x14  
  126  7:04  Zergling x6  
  114  7:09  Zergling x6  
  114  7:11  Zergling x4  
  89  7:31  Mutalisk x5  
  89  7:32  Mutalisk x2  
  89  7:35  Mutalisk  
  104  7:41  Mutalisk  
  98  7:45  Drone x4  
  98  7:49  Mutalisk  
  104  7:54  Roach x2  
  108  8:00  Roach x3  
  108  8:04  Roach  
  108  8:05  Roach  
  118  8:08  Ravager x2  
  118  8:10  Roach  
  122  8:16  Roach x3  
  122  8:19  Roach  
  129  8:24  Roach x2  
  133  8:34  Roach  
  133  8:35  Overlord x2  
  133  8:38  Overlord  
  127  8:51  Roach  
  127  8:53  Overlord  
  127  8:54  Roach x8  
  143  8:57  Ravager  
  143  8:58  Ravager x3  
  143  9:01  Roach x2  
  151  9:07  Overlord  
  151  9:10  Overlord  
  151  9:13  Roach  
  146  9:21  Roach x6  
  143  9:29  Roach  
  143  9:30  Roach x2  
  140  9:36  Roach x2  
  140  9:43  Roach  
  140  9:44  Roach x2  
  119  9:47  Roach  
  112  9:52  Roach  
  112  9:55  Roach x2  

Tags
 
Add a new tag
Caveats
  • Supply blocks, unpowered buildings, or Contaminate may cause inaccurate times.
  • Supply counts are checked every 10 seconds.